 Dungeon Crawl Stone Soup version 0.24.0-2-g5b39cebb1c (webtiles) character file.

Game seed: 17210760542317328360, levelgen mode: deterministic

43 MTVSty1e the Chopper (level 3, -6/31 HPs)
             Began as a Minotaur Monk on Oct 29, 2019.
             Engulfed by a cloud of flame (17 damage)
             ... on level 2 of the Dungeon.
             The game lasted 00:01:02 (838 turns).

MTVSty1e the Chopper (Minotaur Monk)                 Turns: 838, Time: 00:01:02

Health: -6/31      AC:  5    Str: 16    XL:     3   Next: 37%
Magic:  2/2        EV: 12    Int:  7    God:
Gold:   51         SH:  0    Dex: 12    Spells: 2/2 levels left

rFire    . . .     SeeInvis .   a - +0 hand axe
rCold    . . .     Gourm    .   (no shield)
rNeg     . . .     Faith    .   d - +0 ring mail
rPois    .         Spirit   .   (helmet restricted)
rElec    .         Reflect  .   (no cloak)
rCorr    .         Harm     .   (no gloves)
MR       .....                  (no boots)
Stlth    +.........             (no amulet)
HPRegen  0.10/turn              (no ring)
MPRegen  0.08/turn              (no ring)

@: no status effects
A: retaliatory headbutt, horns 2
a: no special abilities


You were on level 2 of the Dungeon.
You were not hungry.

You visited 1 branch of the dungeon, and saw 2 of its levels.

You collected 51 gold pieces.

Inventory:

Hand Weapons
 a - a +0 hand axe (weapon)
Armour
 b - a +0 robe
 d - a +0 ring mail (worn)
Scrolls
 e - a scroll of remove curse {unknown}
 f - 2 scrolls of enchant weapon {unknown}
 h - 3 scrolls of fear {unknown}
 j - a scroll of immolation {unknown}
Potions
 g - a potion of magic {unknown}
 i - a potion of curing {unknown}
Comestibles
 c - 2 rations


   Skills:
 - Level 3.6 Fighting
 + Level 5.4 Axes
 - Level 3.2 Dodging
 - Level 1.5 Stealth


You had 2 spell levels left.
You didn't know any spells.
Your spell library was empty.

Dungeon Overview and Level Annotations

Branches:
Dungeon (2/15)

Altars:
Vehumet


Innate Abilities, Weirdness & Mutations

You reflexively headbutt those who attack you in melee.
You have a pair of horns on your head.


Message History

You start resting.
A hobgoblin comes into view. It is wielding a +0 club.
A hobgoblin is nearby!
A hobgoblin is nearby!
Really walk into a travel-excluded area? [Y]es or [N]o only, please.
Really walk into a travel-excluded area? [Y]es or [N]o only, please.
Really walk into a travel-excluded area? [Y]es or [N]o only, please.
Really walk into a travel-excluded area? [Y]es or [N]o only, please.
Really walk into a travel-excluded area?
You are engulfed in blazing flames.
The hobgoblin hits you but does no damage.
You hit the hobgoblin.
The hobgoblin is lightly wounded.
You are engulfed in blazing flames.
Ouch! That really hurt!
You die...

..########.# ..# #.# ..#
#.# ## ..# #.# .# #.#
#####.# #.# #
#.####...#.# ..#.#
....##...#.# ...
.......^...######g##.#
....######......@....#
....# ##.........§.☼.#
....##...........☼_☼...#
#.####.#.#...##....○...#
#.. #........+...○..#.#
## #.#.....##......# .
#.#.........##'##
#...........# .#
...........# #


You could see a hobgoblin.

Vanquished Creatures
  2 adders (D:2)
  A leopard gecko (D:2)
  3 giant cockroaches
  2 goblins (D:1)
  2 hobgoblins (D:1)
  3 jackals (D:1)
  2 kobolds
  3 bats (D:1)
  A frilled lizard (D:2)
  4 rats
23 creatures vanquished.

Vanquished Creatures (others)
  A goblin (D:2)
1 creature vanquished.

Grand Total: 24 creatures vanquished

Notes
Turn   | Place    | Note
-------+----------+-------------------------------------------
     0 | D:1      | MTVSty1e the Minotaur Monk began the quest for the Orb.
     0 | D:1      | Reached XP level 1. HP: 19/19 MP: 0/0
   120 | D:1      | Reached skill level 4 in Axes
   206 | D:1      | Reached XP level 2. HP: 26/26 MP: 1/1
   613 | D:2      | Reached skill level 5 in Axes
   636 | D:2      | Reached XP level 3. HP: 31/31 MP: 2/2
   786 | D:2      | Found a radiant altar of Vehumet.
   838 | D:2      | Engulfed by a cloud of flame

Levels and vault maps discovered:
D:1:      nagdon_arrival_double_spiral, layout_basic
D:2:      layout_basic, fiery_altar_vehumet, first_ration,
          mrwooster_statue_mirror, minmay_pentomino_t4

Skill      XL: |  1  2 |
---------------+-------+-----
Axes           | 4 5 |  5.4
Fighting       | |  3.6
Dodging        | |  3.2
Stealth        | |  1.5

Action                   || total
-------------------------++-------
Melee: Hand axe          ||    45
       Headbutt          ||     8
Armor: Ring mail         ||    16
Dodge: Dodged            ||    38
